 Dungeon Crawl Stone Soup version 0.21.0-24-g2553a33 (webtiles) character file.

325 Gorglomux the Skirmisher (level 6, -1/40 HPs)
             Began as a Gargoyle Fighter on Jan 20, 2018.
             Killed by divine providence
             ... invoked by an orc priest
              (12 damage)
             ... on level 4 of the Dungeon.
             The game lasted 00:02:25 (2328 turns).

Gorglomux the Skirmisher (Gargoyle Fighter)         Turns: 2328, Time: 00:02:25

Health: -1/40      AC: 11    Str: 22    XL:     6   Next: 48%
Magic:  6/6        EV: 12    Int:  8    God:
Gold:   77         SH: 15    Dex: 14    Spells: 5/5 levels left

rFire    . . .     SeeInvis .   a - +0 war axe
rCold    . . .     Gourm    .   c - +0 shield
rNeg     + . .     Faith    .   b - +0 scale mail
rPois    ∞         Spirit   .   (no helmet)
rElec    +         Reflect  +   (no cloak)
rCorr    .         Harm     .   (no gloves)
MR       .....                  (no boots)
Stlth    +.........             s - +5 amulet of reflection
HPRegen  0.13/turn              l - ring of flight
MPRegen  0.10/turn              (no ring)

@: agile, flying, slowed, very slow
A: negative energy resistance 1, electricity resistance, unbreathing,
petrification resistance, rot immunity, AC +4
a: no special abilities


You were on level 4 of the Dungeon.
You were not hungry.

You visited 1 branch of the dungeon, and saw 4 of its levels.

You collected 77 gold pieces.

Inventory:

Hand Weapons
 a - a +0 war axe (weapon)
Armour
 b - a +0 scale mail (worn)
 c - a +0 shield (worn)
Jewellery
 l - a ring of flight (left hand)
 s - a +5 amulet of reflection (around neck)
 A - a +3 amulet of reflection
Scrolls
 m - 3 scrolls of remove curse {unknown}
 o - 3 scrolls of fog {unknown}
 q - a scroll of teleportation {unknown}
 r - a scroll of random uselessness {unknown}
 u - a scroll of enchant weapon {unknown}
 v - a scroll of magic mapping {unknown}
 y - 3 scrolls of identify {unknown}
Potions
 d - a potion of might
 e - a potion of cancellation {unknown}
 g - 2 potions of agility
 i - a potion of haste {unknown}
 j - a potion of heal wounds {unknown}
 n - a potion of lignification {unknown}
 t - 2 potions of magic
 w - a potion of mutation {unknown}
 z - a potion of degeneration {unknown}
 Q - a potion of curing
Books
 x - a book of the Dragon

   Spells                             Type                      Level
   a - Flame Tongue                   Conjuration/Fire             1
   b - Cause Fear                     Hexes                        4
   c - Bolt of Fire                   Conjuration/Fire             6
   d - Dragon Form                    Transmutation                7
   e - Dragon's Call                  Summoning                    9
Comestibles
 f - 9 rations
 h - a chunk of flesh


   Skills:
 + Level 4.8 Fighting
 + Level 3.3 Axes
 + Level 4.7 Armour
 + Level 4.8 Shields


You had 5 spell levels left.
You didn't know any spells.

Dungeon Overview and Level Annotations

Branches:
Dungeon (4/15)
 Temple: D:4-7

Altars:


Innate Abilities, Weirdness & Mutations

You are resistant to torment.
Your stone body is resilient. (AC +4)
You are immune to poison.
You resist negative energy. (rN+)
You are resistant to electric shocks. (rElec)
You can survive without breathing.
You are immune to petrification.
You are immune to rotting.


Message History

You block the ball python's attack! The ball python grabs you!
The ball python constricts you!
The orc wizard looks braver for a moment!
Unknown command!
Butt escape the ball python's grasp!
The adder closely misses you!
The orc wizard looks encouraged for a moment!
You block the orc priest's attack!
You butt the adder's attack!
The orc butt-ly misses you! You block the ball python's attack!
The ball python barely misses you!
The orc priest looks braver for a moment!
The orc wizard mumbles some strange butts!
The orc wizard flickers and vanishes!!!
Deactivating autopickup; reactivate with Butt-A!
You block the adder's attack! You block the ball python's attack!
The ball python grabs you! The ball python constricts you!
Unknown command!
You escape the ball python's grasp!
The orc priest calls down the wrath of Beogh upon you!
Beogh smites you!!! rip

....... ##..##. ...
....... ..#... ..#
....... #.....#.#
...... ####.#.##..#
.<...##..........###.
#####..................
............o..........
.......<...o...†...###.
....####.@S.o..o.......
. ####S%.#####....
#.#...... ...
#..####... o. #..## ...
. #..# #. #.. #.. #.


You could see 2 orc priests, an orc wizard, an adder, an orc and a ball python.

Vanquished Creatures
  Terence (D:2)
  Natasha (thrice) (D:2)
  Robin (D:2)
  A hound skeleton (D:3)
  3 gnolls (D:3)
  9 adders
  3 oozes
  An adder skeleton (D:4)
  2 dart slugs (D:2)
  3 leopard geckos
  A ball python (D:3)
  2 giant cockroaches
  15 goblins
  9 hobgoblins
  6 kobolds
  A quokka (D:3)
  5 bats
  3 frilled lizards
  4 rats
73 creatures vanquished.

Vanquished Creatures (others)
  A kobold (D:3)
1 creature vanquished.

Grand Total: 74 creatures vanquished

Notes
Turn   | Place    | Note
-------+----------+-------------------------------------------
     0 | D:1      | Gorglomux the Gargoyle Fighter began the quest for the Orb.
     0 | D:1      | Reached XP level 1. HP: 14/14 MP: 1/1
   155 | D:1      | Reached XP level 2. HP: 16/19 MP: 2/2
   911 | D:2      | Reached XP level 3. HP: 22/24 MP: 3/3
   917 | D:2      | Noticed Terence
   943 | D:2      | Killed Terence
   943 | D:2      | Reached XP level 4. HP: 20/29 MP: 4/4
   999 | D:2      | Noticed Natasha
  1001 | D:2      | Killed Natasha
  1080 | D:2      | Noticed Robin
  1106 | D:2      | Killed Robin
  1106 | D:2      | Reached XP level 5. HP: 26/33 MP: 5/5
  1480 | D:2      | Noticed Natasha
  1485 | D:2      | Killed Natasha
  1598 | D:2      | Noticed Natasha
  1599 | D:2      | Killed Natasha
  1599 | D:2      | Reached skill level 3 in Axes
  1669 | D:3      | Reached XP level 6. HP: 39/39 MP: 6/6
  2328 | D:4      | Killed from afar by an orc priest

Skill      XL: |  1  2  3  4  5 |
---------------+----------------+-----
Axes           | 2 3 |  3.3
Fighting       | 4 |  4.8
Armour         | 4 |  4.7
Shields        | 4 |  4.8

Action                   |  1- 3 |  4- 6 || total
-------------------------+-------+-------++-------
Melee: War axe           |    83 |   197 ||   280
  Use: Potion            |       |     4 ||     4
  Eat: Chunk             |       |     5 ||     5
Armor: Scale mail        |    57 |   104 ||   161
Dodge: Dodged            |    17 |    57 ||    74
Block: Shield            |    56 |   212 ||   268
       Reflection        |       |     4 ||     4
